 Dungeon Crawl Stone Soup version 0.17.0-15-g6d90897 (webtiles) character file.

16941 dorian the Bludgeoner (level 12, -3/193 HPs)
             Began as an Ogre Hunter on Nov 10, 2015.
             Was a High Priest of Trog.
             Slain by a blink frog (9 damage)
             ... on level 1 of the Lair of Beasts.
             The game lasted 00:47:13 (20958 turns).

dorian the Bludgeoner (Ogre Hunter)                Turns: 20958, Time: 00:47:13

Health: -3/193     AC:  8    Str: 29    XL:     12   Next: 42%
Magic:  10/10      EV: 11    Int: 21    God:    Trog [*****.]
Gold:   628        SH:  0    Dex: 10    Spells: 0 memorised, 11 levels left

rFire  . . .     SeeInvis +     R - +3 giant spiked club (venom)
rCold  x . .     Clarity  .     J - steam dragon hide
rNeg   . . .     SustAt   +     (shield currently unavailable)
rPois  +         Gourm    .     r - +1 hat "Cinur" {rPois rC- Int+11}
rElec  .         Spirit   .     T - +2 cloak
rCorr  .         Warding  .     (gloves unavailable)
rMut   .         Stasis   .     (boots unavailable)
MR     +....                    (no amulet)
Stlth  ..........               (no ring)
                                A - ring of sustain attributes

@: berserking (expiring), very quick, somewhat resistant to hostile
enchantments, extremely unstealthy
A: unfitting armour, rugged brown scales 1, see invisible, low mp 1, tough skin
1
a: Berserk, Trog's Hand, Brothers in Arms, Burn Spellbooks, Renounce Religion


You were on level 1 of the Lair of Beasts.
You worshipped Trog.
Trog was extremely pleased with you.
You were not hungry.

You visited 2 branches of the dungeon, and saw 13 of its levels.

You collected 693 gold pieces.
You spent 65 gold pieces at shops.

Inventory:

Hand Weapons
 D - a +0 mace of venom
 P - a +0 flail of protection
 R - a +3 giant spiked club of venom (weapon)
 V - a +1 flail of holy wrath
Missiles
 b - 8 large rocks
 p - 7 silver sling bullets
 L - 2 tomahawks (quivered)
 N - a javelin
 S - 2 tomahawks of dispersal
Armour
 d - a +1 robe
 n - a +0 large shield
 r - the +1 hat "Cinur" (worn) {rPois rC- Int+11}
   (You found it on level 11 of the Dungeon)

   It affects your intelligence (+11).
   It makes you vulnerable to cold.
   It protects you from poison.
 J - a steam dragon hide (worn)
 M - a troll hide
 T - a +2 cloak (worn)
Jewellery
 A - a ring of sustain attributes (left hand)
Wands
 h - a wand of digging (5)
 m - a wand of enslavement (0)
 w - a wand of draining (0)
 x - a wand of slowing (16)
 K - a wand of random effects (19)
Scrolls
 a - 5 scrolls of remove curse
 j - 3 scrolls of immolation
 o - 2 scrolls of fog
 y - 4 scrolls of teleportation
 C - 5 scrolls of identify
Potions
 g - 4 potions of curing
 i - 5 potions of agility
 k - a potion of brilliance
 l - 2 potions of lignification
 q - 2 potions of flight
 z - a potion of haste
 B - a potion of heal wounds
 F - a potion of mutation
 H - a potion of beneficial mutation {unknown}
 I - 2 potions of ambrosia {unknown}
Comestibles
 e - 4 bread rations
 f - 5 meat rations
 t - 11 royal jellies


   Skills:
 + Level 10.0 Fighting
 + Level 15.8 Maces & Flails
 - Level 11.2 Throwing
 + Level 3.4 Armour
 - Level 5.7 Dodging
 - Level 0.7 Stealth
 - Level 3.0 Shields


You had 11 spell levels left.
You didn't know any spells.

Dungeon Overview and Level Annotations

Branches:
Dungeon (12/15)            Temple (0/1) D:5            Lair (1/8) D:11
    Orc: D:9-12

Altars:
Cheibriados
Dithmenos
Elyvilon
Fedhas
Gozag
Okawaru
Qazlal
Trog
The Shining One

Shops:
D:5 ?

Annotations:
D:12 Fannar, Kirke


Innate Abilities, Weirdness & Mutations

You are too large for most types of armour.
You have tough skin (AC +1).
You are partially covered in rugged brown scales (AC +1, +3% HP).
You have supernaturally acute eyesight.
Your magical capacity is low (-10% MP).


Message History

You puncture the blink frog!
The blink frog is severely wounded.
The blink frog barely misses you. The blink frog hits you!
* * * LOW HITPOINT WARNING * * *
You are too berserk!
You miss the blink frog.
The blink frog is severely wounded.
The blink frog hits you.
* * * LOW HITPOINT WARNING * * *
The blink frog barely misses you.
The blink frog momentarily phases out as your attack passes through it.
The blink frog is severely wounded.
The blink frog hits you.
* * * LOW HITPOINT WARNING * * *
The blink frog misses you.
You puncture the blink frog!
You kill the blink frog!
Trog accepts your kill. The blink frog hits you!
You die...

# ... ..... ..
#....#########...##.#
#.....#.....##...#...
#...........##.......
+....#.......#...#...
#............?.......
#....##.....##...#...
#...F#......#..).#...
P##...@.#.##.###.......
.....)..#.##.####.>.P#.#
........................
........................
........................
........................
.........##...###F......
#.#......###### #....##.
...#=..(# #...P...


You could see a blink frog.

Vanquished Creatures
  A hydra (Lair:1)
  Erolcha (D:10)
  The ghost of Dustman the Spear-Bearer, a novice HuGl of Ru (D:9)
  3 hill giants
  An ugly thing (D:11)
  A manticore (D:10)
  Maurice (D:10)
  A black mamba (Lair:1)
  A gargoyle (D:11)
  The ghost of Avack the Archer, a novice HEHu (D:4)
  A queen bee (D:11)
  A troll (D:10)
  2 two-headed ogres
  4 blink frogs (Lair:1)
  4 wyverns
  16 yaks
  2 steam dragons (D:10)
  A hippogriff (D:8)
  2 wargs (D:11)
  A water moccasin (D:9)
  4 orc warriors
  4 sky beasts
  3 ice beasts
  3 phantoms
  5 ogres
  2 wasps (D:8)
  7 centaurs
  A crocodile (D:7)
  7 giant frogs
  A gnoll sergeant (D:8)
  A wyvern skeleton (D:10)
  A wyvern zombie (D:7)
  2 scorpions
  2 water moccasin zombies
  A water moccasin skeleton (D:4)
  24 killer bees (D:11)
  4 crimson imps
  A giant frog zombie (D:6)
  2 jellies (D:8)
  12 orc wizards
  2 centaur skeletons
  Ijyb (D:2)
  3 hounds
  2 giant frog skeletons
  6 iguanas
  An iron imp (D:6)
  10 worker ants
  6 orc priests
  A hound zombie (D:5)
  6 gnolls
  2 worker ant zombies (D:10)
  12 adders
  4 shadow imps
  2 oozes
  An adder zombie (D:9)
  2 worms (D:4)
  10 giant geckos
  39 orcs
  6 giant cockroaches
  9 goblins
  5 hobgoblins (D:1)
  9 jackals
  7 quokkas
  A ball python skeleton (D:4)
  10 bats
  2 giant cockroach zombies
  A giant gecko skeleton (D:4)
  5 giant newts
  A jackal skeleton (D:4)
  3 kobolds
  5 rats
307 creatures vanquished.

Vanquished Creatures (collateral kills)
  A gnoll sergeant (D:8)
  A killer bee (D:11)
  2 gnolls (D:8)
4 creatures vanquished.

Vanquished Creatures (others)
  A killer bee (D:11)
  An orc (D:10)
2 creatures vanquished.

Grand Total: 313 creatures vanquished

Notes
Turn   | Place    | Note
--------------------------------------------------------------
     0 | D:1      | dorian the Ogre Hunter began the quest for the Orb.
     0 | D:1      | Reached XP level 1. HP: 22/22 MP: 1/1
   155 | D:1      | Reached XP level 2. HP: 29/31 MP: 2/2
   163 | D:1      | Reached skill level 1 in Maces & Flails
   527 | D:1      | Reached XP level 3. HP: 8/37 MP: 3/3
  1537 | D:2      | Found a white marble altar of Elyvilon.
  1544 | D:2      | Found a bloodstained altar of Trog.
  1551 | D:2      | Became a worshipper of Trog the Wrathful
  1664 | D:3      | Found a glowing golden altar of the Shining One.
  2008 | D:3      | Reached XP level 4. HP: 27/45 MP: 4/4
  2345 | D:3      | Noticed Ijyb
  2583 | D:2      | Killed Ijyb
  2616 | D:2      | Reached XP level 5. HP: 21/53 MP: 5/5
  3383 | D:3      | Reached skill level 5 in Throwing
  3501 | D:3      | Reached * piety under Trog
  3797 | D:4      | Noticed Avack's ghost (novice HEHu)
  3856 | D:4      | Killed Avack's ghost
  3856 | D:4      | Reached skill level 6 in Maces & Flails
  3856 | D:4      | Reached XP level 6. HP: 61/61 MP: 6/6
  3860 | D:4      | Reached skill level 7 in Maces & Flails
  3860 | D:4      | Reached XP level 7. HP: 67/67 MP: 7/7
  4004 | D:4      | Noticed an ogre
  4012 | D:4      | Killed an ogre
  4306 | D:4      | Noticed a phantom
  4355 | D:4      | Killed a phantom
  4355 | D:4      | Reached skill level 8 in Maces & Flails
  4983 | D:5      | Entered Level 5 of the Dungeon
  5031 | D:4      | Reached skill level 9 in Maces & Flails
  5035 | D:4      | Reached ** piety under Trog
  5035 | D:4      | Reached XP level 8. HP: 75/75 MP: 8/8
  5471 | D:5      | Found a bloodstained altar of Trog.
  5623 | D:5      | Found an iron altar of Okawaru.
  5798 | D:5      | Found Ujafax's Magic Scroll Shoppe.
  6069 | D:5      | Bought a scroll of fog for 26 gold pieces
  6069 | D:5      | Bought a scroll of teleportation for 39 gold pieces
  6661 | D:5      | Found a staircase to the Ecumenical Temple.
  6815 | D:5      | Reached skill level 10 in Maces & Flails
  7209 | D:5      | HP: 1/75 [orc warrior/dire flail (20)]
  7924 | D:6      | Found a snail-covered altar of Cheibriados.
  8181 | D:6      | Reached skill level 11 in Maces & Flails
  8878 | D:7      | Reached XP level 9. HP: 52/81 MP: 9/9
  9441 | D:7      | Reached skill level 12 in Maces & Flails
 10169 | D:6      | Reached *** piety under Trog
 10952 | D:8      | Reached skill level 13 in Maces & Flails
 11470 | D:8      | Found an opulent altar of Gozag.
 11744 | D:8      | Reached XP level 10. HP: 85/91 MP: 10/10
 11916 | D:8      | Reached skill level 14 in Maces & Flails
 13075 | D:9      | Received a gift from Trog
 13279 | D:9      | Found a blossoming altar of Fedhas.
 13328 | D:9      | Noticed Dustman's ghost (novice HuGl)
 13352 | D:9      | Killed Dustman's ghost
 13352 | D:9      | Reached skill level 15 in Maces & Flails
 14037 | D:9      | Found a stormy altar of Qazlal.
 14421 | D:9      | Found a shadowy altar of Dithmenos.
 14499 | D:9      | Gained mutation: Your magical capacity is low (-10% MP). [potion of mutation]
 14499 | D:9      | Gained mutation: You have supernaturally acute eyesight. [potion of mutation]
 14499 | D:9      | Gained mutation: You are partially covered in rugged brown scales (AC +1, +3% HP). [potion of mutation]
 14579 | D:10     | Entered Level 10 of the Dungeon
 14676 | D:10     | Noticed Maurice
 14683 | D:10     | Killed Maurice
 14756 | D:9      | Reached skill level 10 in Throwing
 14821 | D:9      | Reached **** piety under Trog
 15364 | D:10     | Reached XP level 11. HP: 93/104 MP: 9/9
 15375 | D:10     | Reached skill level 5 in Fighting
 15971 | D:10     | Noticed a hill giant
 15982 | D:10     | Killed a hill giant
 17188 | D:10     | Noticed Erolcha
 17520 | D:11     | Noticed a hill giant
 17868 | D:10     | Killed Erolcha
 18139 | D:10     | Reached skill level 5 in Dodging
 18609 | D:11     | Killed a hill giant
 18925 | D:11     | Noticed a hill giant
 18929 | D:11     | Killed a hill giant
 18981 | D:11     | Reached ***** piety under Trog
 19077 | D:11     | Reached skill level 1 in Shields
 19082 | D:11     | Reached skill level 1 in Armour
 19355 | D:11     | Found a staircase to the Lair.
 19427 | D:11     | Reached XP level 12. HP: 117/125 MP: 10/10
 19435 | D:11     | Got a faintly humming hat
 19441 | D:11     | Identified the +1 hat "Cinur" {rPois rC- Int+11} (You found it on level 11 of the Dungeon)
 20423 | D:11     | Received a gift from Trog
 20723 | D:12     | Noticed Fannar
 20723 | D:12     | Noticed Kirke
 20743 | Lair:1   | Entered Level 1 of the Lair of Beasts
 20909 | Lair:1   | Noticed a six-headed hydra
 20916 | Lair:1   | Killed a six-headed hydra
 20951 | Lair:1   | Reached skill level 10 in Fighting
 20956 | Lair:1   | HP: 8/193 [blink frog (4)]
 20958 | Lair:1   | Slain by a blink frog

Action                   |  1- 3 |  4- 6 |  7- 9 | 10-12 || total
-------------------------+-------+-------+-------+-------++-------
Melee: Short sword       |    10 |       |       |       ||    10
       Mace              |   108 |   169 |   345 |    38 ||   660
       Flail             |       |       |    80 |   633 ||   713
       Giant spiked club |       |       |       |    44 ||    44
Throw: Large rock        |     5 |     4 |     9 |    10 ||    28
       Throwing net      |     1 |     4 |       |       ||     5
       Javelin           |       |       |    17 |    22 ||    39
       Tomahawk          |       |       |       |    40 ||    40
Invok: Berserk           |       |     2 |     3 |     8 ||    13
       Trog's Hand       |       |       |       |     1 ||     1
Evoke: Wand              |       |       |    14 |     8 ||    22
  Use: Potion            |     1 |       |       |     9 ||    10
       Scroll            |       |       |       |    13 ||    13
 Stab: Sleeping          |     2 |       |       |       ||     2
       Held in net/web   |       |     1 |       |       ||     1
       Distracted        |       |       |       |     2 ||     2
  Eat: Chunk             |     2 |     7 |    27 |    23 ||    59
       Royal jelly       |     1 |       |       |       ||     1
       Fruit             |       |       |     2 |     6 ||     8
       Beef jerky        |       |       |       |     3 ||     3
       Bread ration      |       |       |       |     1 ||     1
